 Dungeon Crawl Stone Soup version 0.30.1-11-g7821555f0a (webtiles) character file.

Game seed: 6826898589561546877

263644 eurytides the Minotaur Blade (level 19, -7/187 HPs)
             Began as a Minotaur Fighter on Nov 4, 2023.
             Was an Initiate of Gozag.
             Splashed by an acid blob's acid (8 damage)
             ... on level 3 of the Pits of Slime on Nov 5, 2023.
             The game lasted 02:56:25 (39558 turns).

eurytides the Minotaur Blade (Minotaur Fighter)    Turns: 39558, Time: 02:56:26

Health: -7/187     AC: 18    Str: 26    XL:     19   Next: 25%
Magic:  16/16      EV: 15    Int: 13    God:    Gozag
Gold:   995        SH: 20    Dex: 21    Spells: 18/18 levels left

rFire   + + .        o - +7 Throatcutter {drain, coup de grace}
rCold   x x .        M - +3 kite shield "Muir" {rElec rF+ Int+5}
rNeg    . . .        V - +7 crystal plate armour of Patterns {Dex+5}
rPois   .            Z - +2 hat {Will+}
rElec   +            (no cloak)
rCorr   .            c - +2 pair of gloves
SInv    +            x - +2 pair of boots
Will    ++...        K - amulet of regeneration Stlth
                     m - ring of Symmetry {Fly EV+5 Int+3 SInv}
HPRegen 1.31/turn    y - ring of Isygauch {Fire Dex+3}
MPRegen 0.15/turn

%: random rage (3%)
@: corroded, flying, studying 2 skills
A: horns 2, retaliatory headbutt, berserk 1, low MP 1, teleportitis 1, cold
vulnerability 1
}: 2/15 runes: decaying, gossamer
a: Renounce Religion, Potion Petition, Call Merchant, Bribe Branch


You were on level 3 of the Pits of Slime.
You worshipped Gozag.
Gozag was pleased with you.
You visited 6 branches of the dungeon, and saw 33 of its levels.
You also visited: Bailey, Gauntlet and Ice Cave.

You collected 14747 gold pieces.
You spent 6172 gold pieces at shops.
You paid 7580 gold pieces to Gozag.

Inventory:

Hand Weapons
 a - a +6 heavy trident
 o - the +7 Throatcutter (weapon) {drain, coup de grace}
   (You found it on level 3 of the Dungeon)
 p - the +2 sling "Pyevouk" {speed, rPois rF+++ Str-5 Dex+2}
   (You found it on level 4 of the Dungeon)

   Str:       It affects your strength (-5).
   Dex:       It affects your dexterity (+2).
   rF:        It renders you almost immune to fire.
   rPois:     It protects you from poison.
Missiles
 f - a throwing net
Armour
 c - a +2 pair of gloves (worn)
 e - +2 pearl dragon scales
 x - a +2 pair of boots (worn)
 F - a +3 buckler of resistance
 M - the +3 kite shield "Muir" (worn) {rElec rF+ Int+5}
   (You acquired it on level 2 of the Orcish Mines)

   Int:       It affects your intelligence (+5).
   rF:        It protects you from fire.
   rElec:     It insulates you from electricity.
 V - the +7 crystal plate armour of Patterns (worn) {Dex+5}
   (You bought it in a shop on level 10 of the Dungeon)

   Dex:       It affects your dexterity (+5).
 Z - a +2 hat of willpower (worn)
Jewellery
 h - a +5 ring of evasion
 m - the ring of Symmetry (left hand) {Fly EV+5 Int+3 SInv}
   (You bought it in a shop on level 2 of the Orcish Mines)

   [ring of evasion]

   EV:        It affects your evasion (+5).
   Int:       It affects your intelligence (+3).
   SInv:      It lets you see invisible.
   Fly:       It grants you flight.
 q - a ring of resist corrosion
 y - the ring of Isygauch (right hand) {Fire Dex+3}
   (You bought it in a shop on level 2 of the Orcish Mines)

   [ring of fire]

   It enhances your fire magic.
   Dex:       It affects your dexterity (+3).
   rF:        It protects you from fire.
   rC:        It makes you vulnerable to cold.
 I - a ring of protection from cold
 K - an amulet of regeneration (around neck)
Wands
 j - a wand of polymorph (20)
 t - a wand of mindburst (16) (quivered)
 w - a wand of digging (9)
 P - a wand of light (21)
 U - a wand of paralysis (16)
Scrolls
 b - 2 scrolls of enchant armour
 d - 3 scrolls of fear
 i - 4 scrolls of teleportation
 l - a scroll of butterflies
 u - 4 scrolls of brand weapon
 z - 4 scrolls of magic mapping
 E - 3 scrolls of fog
 O - 14 scrolls of identify
 Q - 2 scrolls of silence
 T - 3 scrolls of amnesia
Potions
 g - 4 potions of brilliance
 n - 2 potions of might
 r - 8 potions of ambrosia
 s - 3 potions of flight
 v - 6 potions of magic
 B - 3 potions of resistance
 G - 8 potions of cancellation
 L - a potion of haste
 S - 2 potions of mutation
 X - a potion of invisibility


   Skills:
 + Level 20.5 Fighting
 * Level 24.2 Long Blades
 - Level 4.0 Polearms
 + Level 18.5 Armour
 + Level 6.6 Dodging
 + Level 4.0 Stealth
 + Level 21.1 Shields
 + Level 3.9 Evocations


You had 18 spell levels left.
You didn't know any spells.
Your spell library contained the following spells:

 Spells                   Type           Power      Damage    Failure   Level
 Beastly Appendage        Tmut           0%         N/A       99%         1
 Magic Dart               Conj           0%         1d3       99%         1
 Call Imp                 Summ           0%         N/A       100%        2
 Cigotuvi's Dreadful Rot  Necr/Pois/Air  0%         N/A       100%        2
 Ensorcelled Hibernation  Hex/Ice        0%         N/A       100%        2
 Passwall                 Tmut/Erth      0%         N/A       100%        2
 Poisonous Vapours        Pois/Air       0%         N/A       100%        2
 Wereblood                Tmut           0%         N/A       100%        2
 Dazzling Flash           Conj/Hex       0%         N/A       100%        3
 Hailstorm                Conj/Ice       0%         3d3       100%        3
 Ignite Poison            Fire/Tmut/Pois 0%         N/A       100%        3
 Inner Flame              Hex/Fire       0%         N/A       100%        3
 Mephitic Cloud           Conj/Pois/Air  0%         N/A       100%        3
 Portal Projectile        Hex/Tloc       0%         N/A       100%        3
 Spider Form              Tmut/Pois      0%         N/A       100%        3
 Swiftness                Air            0%         N/A       100%        3
 Tukima's Dance           Hex            0%         N/A       100%        3
 Anguish                  Hex/Necr       0%         N/A       100%        4
 Ice Form                 Ice/Tmut       0%         N/A       100%        4
 Summon Ice Beast         Ice/Summ       0%         N/A       100%        4
 Blade Hands              Tmut           0%         N/A       100%        5
 Freezing Cloud           Conj/Ice/Air   0%         6-21      100%        5
 Summon Forest            Summ/Tloc      0%         N/A       100%        5
 Summon Mana Viper        Hex/Summ       0%         N/A       100%        5
 Yara's Violent Unravell  Hex/Tmut       0%         3d3       100%        5
 Conjure Ball Lightning   Conj/Air       0%         3x3d6     100%        6
 Enfeeble                 Hex            0%         N/A       100%        7
 Monstrous Menagerie      Summ           0%         N/A       100%        7
 Ozocubu's Refrigeration  Ice            0%         4d7       100%        7
 Borgnjor's Revivificati  Necr           0%         N/A       100%        8
 Discord                  Hex            0%         N/A       100%        8
 Disjunction              Tloc           0%         N/A       100%        8
 Polar Vortex             Ice            0%         N/A       100%        9
 Simulacrum               Ice/Necr       Unusable   N/A       N/A         6

Dungeon Overview and Level Annotations

Branches:
Dungeon (15/15)            Temple (0/1) D:7            Lair (5/5) D:8
  Swamp (4/4) Lair:3       Spider (4/4) Lair:2        Slime (3/5) Lair:5
    Orc (2/2) D:10            Elf (0/3) Orc:2        Vaults (0/5) D:14
 Depths (0/4) D:15         Bailey (visited)           IceCv (visited)
Gauntlet (visited)

Altars:
Ashenzari
Cheibriados
Fedhas
Gozag
Hepliaklqana
Kikubaaqudgha
Makhleb
Nemelex Xobeh
Okawaru
Ru
Trog
Uskayaw
Vehumet
Wu Jian
Yredelemnul
Zin
The Shining One
Jiyva

Shops:
D:2 *:   D:8 [[   D:10 [   D:11 :   D:12 *   D:14 *   D:15 (   Orc:1 :
Orc:2 :=:??[   Lair:3 *

Portals:
Hell: Lair:5
Abyss: Lair:1

Annotations:
D:11 3 runed translucent doors, Ironcache's ghost, journeyman TrGl
Lair:1 2 transporters, Nonny's ghost, journeyman AtCA
Spider:3 3 runed translucent doors, Teolag's ghost, adept TrMo
Orc:1 2 transporters, KittyFluff's ghost, journeyman GrBe


Innate Abilities, Weirdness & Mutations

You have a pair of horns on your head.
You reflexively headbutt those who attack you in melee.
You sometimes lose your temper in combat.
Your magical capacity is low. (-10% MP)
You are occasionally teleported next to monsters.
You are vulnerable to cold. (rC-)


Message History

The acid blob is heavily wounded.
You slash the acid blob!
Your hands burn!
The acid blob is severely wounded.
The acid blob hits you!
You are splashed with acid!
* * * LOW HITPOINT WARNING * * *
You hit the acid blob.
Your hands burn!
* * * LOW HITPOINT WARNING * * *
You headbutt the acid blob, but do no damage.
The acid blob is severely wounded.
You block the acid blob's attack.
You hit the acid blob. You drain the acid blob.
Your hands burn!
* * * LOW HITPOINT WARNING * * *
You headbutt the acid blob, but do no damage.
The acid blob is severely wounded.
The acid blob hits you!!
* * * LOW HITPOINT WARNING * * *
You are splashed with acid!
* * * LOW HITPOINT WARNING * * *
[a] - 135 gold - heal wounds [b] - 330 gold - curing and magic [c] - 740 gold - heal wounds, magic, resistance, might and haste Purchase which effect?
You feel better. Magic courses through your body.
The acid blob spits acid at you. The splash of acid hits you!
* * * LOW HITPOINT WARNING * * *
As you read the scroll of fear, it crumbles to dust.
You assume a fearsome visage.
The acid blob resists with some effort.
The acid blob spits acid at you. The splash of acid hits you!
* * * LOW HITPOINT WARNING * * *
The acid corrodes you! The acid blob spits acid at you.
The splash of acid hits you but does no damage.
The acid corrodes you! The acid blob attacks as you move away!
The acid blob hits you!
* * * LOW HITPOINT WARNING * * *
The acid corrodes you!
You are splashed with acid!
You die...
Your body crumbles into a pile of gold.

#.. .......#.
##.###.........
#...#.#........
#..............
##.............
##...<...#..... #
##.........#...#
#..#..............#
.......@....#.....#
.......J...........
#..................
#.....>............
...................
#................
#................
........##.......
....... ......


You could see an acid blob (drained).

Vanquished Creatures
  Jorgrun (Swamp:1)
  Asterion (Spider:3)
  5 acid blobs
  Gastronok (Lair:3)
  6 thorn hunters
  Agnes (Spider:2)
  2 rockslimes (Slime:1)
  2 azure jellies
  A fenstrider witch (Swamp:2)
  Aizul (Spider:3)
  2 frost giants (IceCv)
  7 ghost moths
  8 emperor scorpions
  A juggernaut zombie (Swamp:3)
  A hydra skeleton (Swamp:4)
  A stone giant (D:15)
  3 eleionomae
  A minotaur (Gauntlet)
  2 vampire knights (Swamp:4)
  A white draconian (IceCv)
  4 bunyips
  5 spark wasps
  Josephine (D:13)
  2 entropy weavers (Spider:3)
  2 shambling mangroves (Swamp:4)
  2 great orbs of eyes (Slime:1)
  2 rakshasas
  5 vault guards (D:14)
  Harold (D:9)
  A spriggan air mage (Swamp:3)
  4 ghost crabs
  2 jorogumos
  Erolcha (Orc:2)
  16 hydras
  A catoblepas (Gauntlet)
  5 centaur warriors
  A radroach (Spider:4)
  3 ironbound frosthearts (IceCv)
  6 boulder beetles
  4 two-headed ogres
  8 death scarabs (Spider:4)
  6 alligators
  3 tengu warriors
  6 death yaks
  A sun demon (Lair:5)
  A spectral emperor scorpion (Spider:4)
  A spriggan berserker (Swamp:3)
  8 spriggans
  A wretched star (Gauntlet)
  A fire crab (Lair:5)
  Urug (D:13)
  16 pharaoh ants
  3 bunyip zombies (Swamp:3)
  3 sun moths
  Nergalle (Orc:2)
  2 flayed ghosts (Swamp:4)
  8 orb spiders
  An orange crystal statue (IceCv)
  Lodul (D:13)
  4 goliath frogs
  9 spriggan druids
  9 swamp dragons
  4 spectral hydras (Swamp:4)
  An obsidian statue (Gauntlet)
  3 bog bodies
  A wizard (Lair:5)
  3 bunyip skeletons (Swamp:3)
  3 spectral wolf spiders (Spider:4)
  2 spectral jorogumos (Spider:4)
  3 steelbarb worms
  5 orc knights
  5 cyclopes
  3 deep elf pyromancers
  A deep elf zephyrmancer (Bailey)
  3 oklob plants (Swamp:4)
  10 orc sorcerers
  A phantasmal warrior (Swamp:4)
  19 ugly things
  27 wolf spiders
  A shining eye (Slime:1)
  2 manticores
  4 moths of wrath
  4 black mambas
  17 elephants
  2 centaur zombies (D:11)
  An eye of devastation (Slime:3)
  A will-o-the-wisp (Swamp:3)
  A molten gargoyle (Lair:1)
  6 torpor snails
  13 demonic crawlers
  4 gargoyles
  An orange demon (Lair:5)
  13 cane toads
  17 rime drakes
  4 kobold demonologists (D:10)
  5 komodo dragons
  A freezing wraith (Swamp:3)
  2 efreet
  3 redback zombies (Spider:4)
  An unseen horror (D:11)
  5 ice devils (Lair:5)
  A yaktaur (D:15)
  2 spectral redbacks (Spider:4)
  2 hydra zombies (Swamp:4)
  3 tengu conjurers
  7 meliai
  4 trolls
  A hellwing (Lair:5)
  24 polar bears
  2 death drake zombies (Swamp:4)
  13 hornets
  3 spectral jumping spiders (Spider:4)
  29 tarantellas
  5 tyrant leeches
  A spectral tarantella (Spider:4)
  6 blink frogs
  A death drake skeleton (Swamp:4)
  12 dream sheep
  69 slime creatures
  2 culicivora zombies (Spider:4)
  A jumping spider zombie (Spider:4)
  23 jumping spiders
  29 culicivoras
  6 wraiths
  7 wyverns
  3 spectral black mambas (Lair:3)
  A shadow (D:6)
  20 yaks
  A vampire (D:12)
  7 golden eyes (Slime:2)
  A small abomination (Gauntlet)
  A human (D:14)
  2 basilisks
  A chaos spawn (Gauntlet)
  14 vampire mosquitoes
  Grum (D:11)
  A neqoxec (Gauntlet)
  40 redbacks
  2 steam dragons
  3 wargs
  24 swamp worms
  4 hell hounds (Lair:5)
  2 acid dragons
  2 hydra simulacra (Swamp:4)
  12 water moccasins
  4 ice beasts (D:8)
  5 swamp drakes
  25 orc warriors
  A black bear (D:7)
  A spectral rime drake (Lair:3)
  35 wolves
  3 swamp dragon zombies (Swamp:4)
  18 ogres
  11 centaurs
  4 swamp dragon skeletons
  3 kobold brigands
  11 bullfrogs
  A gnoll sergeant (D:5)
  4 scorpions
  4 wights (D:8)
  16 killer bees
  7 howler monkeys
  A crimson imp (D:7)
  3 jellies
  2 hounds (D:6)
  10 orc priests
  2 gnoll boudas
  4 iguanas
  36 orc wizards
  A sleepcap (D:6)
  15 hell rats
  12 gnolls
  9 adders
  2 ufetubi (D:5)
  2 dart slugs
  83 orcs
  9 endoplasms
  5 giant cockroaches
  11 goblins
  4 hobgoblins
  2 jackals (D:1)
  2 quokkas
  6 ball pythons
  4 bats
  A frilled lizard (D:1)
  19 kobolds
  5 rats
1210 creatures vanquished.

Vanquished Creatures (others)
  2 bloated husks
  A hornet (Swamp:4)
  A tyrant leech (Swamp:1)
  A culicivora (Spider:4)
  A spriggan (Swamp:4)
  A swamp worm (Swamp:4)
  4 foxfires (Swamp:3)
11 creatures vanquished.

Grand Total: 1221 creatures vanquished

Notes
Turn   | Place    | Note
-------+----------+-------------------------------------------
     0 | D:1      | eurytides the Minotaur Fighter began the quest for the Orb.
     0 | D:1      | Reached XP level 1. HP: 19/19 MP: 0/0
    86 | D:1      | Reached XP level 2. HP: 23/27 MP: 1/1
   223 | D:2      | Found Lydgher's Assorted Antiques.
   357 | D:2      | Reached XP level 3. HP: 33/33 MP: 2/2
   459 | D:2      | Found Meamisa's Book Shoppe.
   936 | D:3      | Reached XP level 4. HP: 40/40 MP: 3/3
   969 | D:3      | Found an iron altar of Okawaru.
   993 | D:3      | Found the +7 Throatcutter {drain, coup de grace}
  1962 | D:4      | Noticed a scorpion
  1974 | D:4      | Killed a scorpion
  1975 | D:4      | Reached skill level 1 in Long Blades
  1975 | D:4      | Reached skill level 1 in Dodging
  1975 | D:4      | Reached XP level 5. HP: 41/47 MP: 4/4
  1984 | D:4      | Noticed an ogre
  1997 | D:4      | Killed an ogre
  1998 | D:4      | Reached skill level 2 in Long Blades
  1998 | D:4      | Reached skill level 5 in Armour
  1998 | D:4      | Reached XP level 6. HP: 48/53 MP: 5/5
  2216 | D:4      | Reached skill level 3 in Long Blades
  2257 | D:4      | Reached skill level 4 in Long Blades
  2349 | D:4      | Found a hazy altar of Hepliaklqana.
  2349 | D:4      | Found a bloodstained altar of Trog.
  2349 | D:4      | Found a sparkling altar of Nemelex Xobeh.
  2372 | D:4      | Noticed a water moccasin
  2375 | D:4      | Killed a water moccasin
  2385 | D:4      | Identified the +2 sling "Pyevouk" {speed, rPois rF+++ Str-5
                  | Dex+2}
  2484 | D:4      | Reached skill level 5 in Long Blades
  2484 | D:4      | Reached XP level 7. HP: 52/60 MP: 6/6
  2558 | D:4      | Identified the +0 leather armour of Ilywisch {Str+3}
  2796 | D:5      | Entered Level 5 of the Dungeon
  2930 | D:5      | Reached skill level 5 in Fighting
  2930 | D:5      | Reached skill level 6 in Long Blades
  3023 | D:5      | Found a glowing silver altar of Zin.
  3129 | D:5      | Reached skill level 7 in Long Blades
  3129 | D:5      | Reached skill level 5 in Shields
  3129 | D:5      | Reached XP level 8. HP: 68/68 MP: 7/7
  3238 | D:5      | Found an opulent altar of Gozag.
  3247 | D:5      | Became a worshipper of Gozag Ym Sagoz the Greedy
  3357 | D:5      | Found a sacrificial altar of Ru.
  3595 | D:6      | Reached skill level 8 in Long Blades
  3853 | D:6      | Noticed a troll
  3972 | D:6      | Killed a troll
  3973 | D:6      | Reached skill level 9 in Long Blades
  3973 | D:6      | Reached skill level 1 in Stealth
  4105 | D:6      | Noticed a troll
  4112 | D:6      | Killed a troll
  4113 | D:6      | Reached XP level 9. HP: 75/75 MP: 8/8
  4114 | D:6      | Reached skill level 10 in Long Blades
  4384 | D:7      | Found a staircase to the Ecumenical Temple.
  4612 | D:7      | Found a radiant altar of Vehumet.
  4613 | D:7      | Found a burning altar of Makhleb.
  4711 | D:7      | Reached skill level 11 in Long Blades
  4960 | D:8      | Found a staircase to the Lair.
  4968 | D:8      | Noticed a rime drake
  4972 | D:8      | Killed a rime drake
  4985 | D:8      | Identified the +1 quarterstaff of the Bedazzling Sybil
                  | {heavy, Dex+3}
  4994 | Lair:1   | Entered Level 1 of the Lair of Beasts
  4999 | Lair:1   | Reached skill level 1 in Evocations
  4999 | Lair:1   | Reached XP level 10. HP: 76/86 MP: 9/9
  5000 | Lair:1   | Reached skill level 12 in Long Blades
  5310 | D:8      | Found a snail-covered altar of Cheibriados.
  5311 | D:8      | Found Cheibriados's Comfort Zone.
  5432 | D:8      | Found a glowing golden altar of the Shining One.
  5437 | D:8      | Reached skill level 13 in Long Blades
  5571 | D:8      | Found an ornate altar of the Wu Jian Council.
  5616 | D:8      | Found Okilorphys's Armour Shoppe.
  5637 | D:8      | Bought a +1 buckler of resistance for 438 gold pieces
  5863 | D:8      | Found a broken altar of Ashenzari.
  6078 | D:9      | Found a flagged portal.
  6085 | Bailey   | Entered a bailey
  6134 | Bailey   | Reached skill level 14 in Long Blades
  6395 | Bailey   | Found a large runed translucent door.
  6395 | Bailey   | Found a large runed translucent door.
  6396 | Bailey   | Noticed a deep elf zephyrmancer
  6448 | Bailey   | Noticed an orc knight
  6464 | Bailey   | Killed an orc knight
  6593 | Bailey   | Killed a deep elf zephyrmancer
  6594 | Bailey   | Reached skill level 5 in Dodging
  6594 | Bailey   | Reached XP level 11. HP: 88/94 MP: 10/10
  6616 | Bailey   | Identified the +0 robe of Uskayaw's Displeasure {rF+ rCorr
                  | Dex-2}
  6693 | D:9      | Noticed a deep elf pyromancer
  6702 | D:9      | Killed a deep elf pyromancer
  7006 | D:9      | Identified the +4 longbow of Xom, Lusting {heavy, rC+ rN++
                  | Dex-3 SInv}
  7066 | D:9      | Found a hide-covered altar of Uskayaw.
  7125 | D:9      | Noticed Harold
  7142 | D:9      | Killed Harold
  7279 | D:10     | Entered Level 10 of the Dungeon
  7494 | D:10     | Reached skill level 15 in Long Blades
  7559 | D:10     | Noticed a two-headed ogre
  7573 | D:10     | Killed a two-headed ogre
  7910 | D:10     | Reached skill level 10 in Armour
  8038 | D:10     | Identified the +1 ring mail of Ashenzari {Str-3 Int+6
                  | Dex+5}
  8099 | D:10     | Found a staircase to the Orcish Mines.
  8207 | D:11     | Noticed Grum
  8237 | D:11     | Noticed a two-headed ogre
  8273 | D:11     | Killed a two-headed ogre
  8274 | D:11     | Noticed a white ugly thing
  8300 | D:11     | Killed a white ugly thing
  8305 | D:11     | Killed Grum
  8378 | D:11     | Reached skill level 16 in Long Blades
  8394 | D:11     | Noticed a boulder beetle
  8745 | D:11     | Found a runed translucent gate.
  8745 | D:11     | Found a runed translucent gate.
  8745 | D:11     | Found a runed translucent gate.
  8745 | D:11     | Noticed Ironcache's ghost (journeyman TrGl)
  8747 | D:11     | Found a basalt altar of Yredelemnul.
  8842 | D:11     | Killed a boulder beetle
  8843 | D:11     | Reached XP level 12. HP: 105/105 MP: 11/11
  8931 | D:11     | Found Xaoj Kim's Book Shoppe.
  9008 | D:12     | Noticed a centaur warrior
  9015 | D:11     | Killed a centaur warrior
  9145 | D:12     | You fall into a shaft and drop 1 floor!
  9292 | D:12     | Noticed a boulder beetle
  9306 | D:12     | Killed a boulder beetle
  9368 | D:12     | Reached skill level 10 in Fighting
  9550 | D:12     | Found Inocs's General Store.
  9558 | D:12     | Bought a scroll of identify for 30 gold pieces
  9602 | D:12     | Noticed a two-headed ogre
  9615 | D:12     | Killed a two-headed ogre
  9676 | D:12     | Identified the +8 dagger "Liej Fat" {flame, Stlth+}
  9962 | D:10     | Bought the +7 crystal plate armour of Patterns {Dex+5} for
                  | 1460 gold pieces
 10112 | D:13     | Noticed a rakshasa
 10139 | D:13     | Killed a rakshasa
 10140 | D:13     | Reached skill level 17 in Long Blades
 10157 | D:13     | Noticed Josephine
 10401 | D:13     | Noticed Urug
 10407 | D:13     | Killed Urug
 10604 | D:13     | Killed Josephine
 10676 | D:13     | Noticed a two-headed ogre
 10681 | D:13     | Killed a two-headed ogre
 10697 | D:13     | Noticed Lodul
 10726 | D:13     | Killed Lodul
 11111 | D:14     | Noticed a rakshasa
 11138 | D:14     | Killed a rakshasa
 11139 | D:14     | Reached XP level 13. HP: 86/116 MP: 12/12
 11455 | D:14     | Reached skill level 18 in Long Blades
 11469 | D:14     | Found a gate to the Vaults.
 11508 | D:14     | Found a frozen archway.
 11539 | D:14     | HP: 5/117 [white ugly thing (13)]
 11543 | D:14     | Reached skill level 10 in Shields
 11561 | IceCv    | Entered an ice cave
 11719 | IceCv    | Noticed a white draconian
 11735 | IceCv    | Killed a white draconian
 12025 | IceCv    | Reached XP level 14. HP: 127/127 MP: 13/13
 12337 | IceCv    | Noticed a frost giant
 12337 | IceCv    | Noticed a frost giant
 12348 | IceCv    | Reached skill level 19 in Long Blades
 12390 | IceCv    | Killed a frost giant
 12507 | IceCv    | Killed a frost giant
 13378 | D:14     | Bought a potion of heal wounds for 190 gold pieces
 13383 | D:15     | Entered Level 15 of the Dungeon
 13764 | D:15     | Paralysed by an orc knight for 4 turns
 13950 | D:15     | Identified the +3 quarterstaff of the Tomato {speed, Fly
                  | rN+ Dex-2}
 14023 | D:15     | Found a staircase to the Depths.
 14023 | D:15     | Noticed a stone giant
 14059 | D:15     | Killed a stone giant
 14121 | D:15     | Found Vavic's Antique Weapon Boutique.
 14423 | D:2      | Bought a potion of curing for 63 gold pieces
 14784 | Lair:1   | Found a transporter.
 14787 | Lair:1   | Found a one-way gate to the infinite horrors of the Abyss.
 14787 | Lair:1   | Noticed Nonny's ghost (journeyman AtCA)
 14803 | Lair:1   | Found a transporter.
 14881 | Lair:1   | Reached skill level 20 in Long Blades
 15694 | Lair:2   | Found a hole to the Spider Nest.
 16346 | Lair:3   | Noticed Gastronok
 16368 | Lair:3   | Killed Gastronok
 16369 | Lair:3   | Reached XP level 15. HP: 117/137 MP: 14/14
 16683 | Lair:3   | Identified the +2 shortbow of Oqul {flame, rPois}
 17049 | Lair:3   | Found a staircase to the Swamp.
 17614 | Lair:4   | Reached skill level 15 in Armour
 17858 | Lair:4   | Found a gate leading to a gauntlet.
 17886 | Gauntlet | Entered a Gauntlet
 17886 | Gauntlet | Found a transporter.
 17896 | Gauntlet | Found a transporter.
 17899 | Gauntlet | Found a transporter.
 17920 | Gauntlet | Found a transporter.
 17931 | Gauntlet | Found a transporter.
 17932 | Gauntlet | Found a transporter.
 17941 | Gauntlet | Found a transporter.
 17944 | Gauntlet | Found a transporter.
 17952 | Gauntlet | Found a transporter.
 17956 | Gauntlet | Found a transporter.
 17965 | Gauntlet | Found a transporter.
 17987 | Gauntlet | Found a transporter.
 17999 | Gauntlet | Found a transporter.
 18011 | Gauntlet | Found a transporter.
 18054 | Gauntlet | Gained mutation: You are occasionally teleported next to
                  | monsters. [a neqoxec]
 18274 | Gauntlet | Identified the +9 hand axe of the Wraith {flame, Str+3}
 18313 | Gauntlet | Identified the +1 mace "Fozieqosk" {spect, rC++ Dex+3}
 18618 | Lair:5   | Entered Level 5 of the Lair of Beasts
 18618 | Lair:5   | Found a viscous altar of Jiyva.
 18619 | Lair:5   | Found a staircase to the Slime Pits.
 18971 | Lair:5   | Identified the +7 spear "Conservator" {pain, Dex+4}
 19236 | Lair:5   | Found a burning altar of Makhleb.
 19255 | Lair:5   | Reached skill level 21 in Long Blades
 19432 | Lair:5   | Found a gateway to Hell.
 19441 | Lair:5   | Got Voimamp's Compilation of the Sixty-Six Friends
 20028 | Orc:1    | Entered Level 1 of the Orcish Mines
 20028 | Orc:1    | Found Duikitz's Book Emporium.
 20057 | Orc:1    | Identified the ring "Ixefodib" {Will+ Slay+3}
 20061 | Orc:1    | Noticed KittyFluff's ghost (journeyman GrBe)
 20157 | Orc:1    | Found a transporter.
 20507 | Orc:1    | Found a transporter.
 20595 | Orc:2    | Entered Level 2 of the Orcish Mines
 20657 | Orc:2    | Found a staircase to the Elven Halls.
 20662 | Orc:2    | Found Ciarph's Vocational Training.
 20816 | Orc:2    | Gained mutation: You sometimes lose your temper in combat.
                  | [a neqoxec]
 20909 | Orc:2    | Paralysed by an orc sorcerer for 5 turns
 20935 | Orc:2    | Paralysed by an orc sorcerer for 4 turns
 20964 | Orc:2    | Noticed Erolcha
 20988 | Orc:2    | Killed Erolcha
 21017 | Orc:2    | Paralysed by an orc sorcerer for 3 turns
 21032 | Orc:2    | Reached XP level 16. HP: 143/145 MP: 15/15
 21104 | Orc:2    | Bought the ring of Symmetry {Fly EV+5 Int+3 SInv} for 834
                  | gold pieces
 21106 | Orc:2    | Bought the ring of Isygauch {Fire Dex+3} for 574 gold
                  | pieces
 21233 | Orc:2    | Found a radiant altar of Vehumet.
 21243 | Orc:2    | Identified a scroll of acquirement
 21244 | Orc:2    | Acquired 1004 gold pieces
 21254 | Orc:2    | Noticed Nergalle
 21258 | Orc:2    | Killed Nergalle
 21259 | Orc:2    | Found an ancient bone altar of Kikubaaqudgha.
 21276 | Orc:2    | Found Alialita's Book Shop.
 21278 | Orc:2    | Found Pyutotz's Antique Armour Boutique.
 21287 | Orc:2    | Reached skill level 15 in Fighting
 21297 | Orc:2    | Found Weguweroy's Magic Scroll Shop.
 21321 | Orc:2    | Bought a manual of Fighting for 1120 gold pieces
 21330 | Orc:2    | Bought a scroll of blinking for 97 gold pieces
 21337 | Orc:2    | Bought a distressingly furry chain mail for 275 gold pieces
 21337 | Orc:2    | Identified the +0 chain mail of Defiance {-Tele rF+ SInv}
                  | (You bought it in a shop on level 2 of the Orcish Mines)
 21398 | Orc:2    | Found Duademiu's Magic Scroll Boutique.
 21989 | Spider:1 | Entered Level 1 of the Spider Nest
 22293 | Orc:2    | Bought a scroll of acquirement for 728 gold pieces
 22293 | Orc:2    | Acquired the +3 kite shield "Muir" {rElec rF+ Int+5}
 22748 | Spider:2 | Reached skill level 15 in Shields
 23999 | Spider:2 | Reached skill level 22 in Long Blades
 25213 | Spider:3 | Noticed Agnes
 25225 | Spider:2 | Killed Agnes
 26137 | Spider:3 | Found a runed translucent gate.
 26137 | Spider:3 | Found a runed translucent gate.
 26137 | Spider:3 | Found a runed translucent gate.
 26138 | Spider:3 | Noticed Teolag's ghost (adept TrMo)
 26141 | Spider:3 | Noticed Asterion
 26161 | Spider:3 | Killed Asterion
 26584 | Spider:3 | Reached XP level 17. HP: 159/159 MP: 16/16
 26603 | Spider:3 | Noticed Aizul
 26617 | Spider:3 | Killed Aizul
 27464 | Spider:4 | Entered Level 4 of the Spider Nest
 29884 | Spider:4 | Reached skill level 23 in Long Blades
 30350 | Spider:4 | Identified the orb of Meloeki {guile, Int+4}
 30367 | Spider:4 | Got a gossamer rune of Zot
 31021 | Orc:2    | Bought a scroll of teleportation for 42 gold pieces
 31245 | Swamp:1  | Entered Level 1 of the Swamp
 31278 | Swamp:1  | Noticed Jorgrun
 31484 | Lair:3   | Bought a potion of haste for 110 gold pieces
 31484 | Lair:3   | Bought a wand of iceblast (8) for 211 gold pieces
 31570 | Swamp:1  | Reached XP level 18. HP: 173/173 MP: 17/17
 31578 | Swamp:1  | Killed Jorgrun
 33771 | Swamp:3  | Found an ancient bone altar of Kikubaaqudgha.
 34067 | Swamp:3  | Got the Essays on Resurrection
 34406 | Swamp:4  | Entered Level 4 of the Swamp
 36892 | Swamp:4  | Found a basalt altar of Yredelemnul.
 37068 | Swamp:4  | Found a blossoming altar of Fedhas.
 37188 | Swamp:4  | Got a decaying rune of Zot
 37469 | Slime:1  | Entered Level 1 of the Pits of Slime
 37730 | Slime:1  | Gained mutation: You are vulnerable to cold. (rC-) [a
                  | shining eye]
 37734 | Slime:1  | Reached XP level 19. HP: 149/184 MP: 15/18
 37739 | Slime:1  | Gained mutation: Your magical capacity is low. (-10% MP) [a
                  | shining eye]
 37797 | Slime:1  | Reached skill level 24 in Long Blades
 39557 | Slime:3  | HP: 9/187 [acid blob/splash of acid (8)]
 39558 | Slime:3  | HP: 1/187 [acid blob (8)]
 39558 | Slime:3  | Splashed by an acid blob's acid

Illustrated notes

Levels and vault maps discovered:
D:1:      nzn_arrival_depleted_hourglass, layout_basic,
          dreamdust_ecumenical_altar_drowned_temple, minmay_box_of_dots
D:2:      layout_basic, serial_shops, shop, nicolae_shop_trees
D:3:      layout_basic, nicolae_overflow_hidden_temple, serial_co_window_serial,
          co_window_corner_a, co_window_corner_a, co_window_paths_a,
          co_window_paths_a, co_window_paths_a, co_window_paths_a,
          co_window_broadway_c, co_window_corner_ca, co_window_paths_c,
          co_window_corner_b, co_window_unsneaky_path_a,
          co_window_of_opportunity_c, co_window_4corner_a, co_window_paths_e,
          glass_columns_b, glass_columns_a, glass_columns_b, glass_columns_a,
          nrook_uturn
D:4:      layout_loops_ring, gammafunk_temple_overflow_forgotten,
          kennysheep_nub, minmay_misc_feat_four_crosses,
          kennysheep_decorative_pillar
D:5:      layout_cave_pools, pdpol_temple_overflow_zin_treasury_gozag_greed,
          lemuel_tele_altar
D:6:      layout_rooms, minmay_manual_mail
D:7:      layout_cave_pools, grunt_temple_overflow_lords_of_destruction,
          minmay_temple_entry_offerings, nicolae_titane
D:8:      layout_loops_cross, kennysheep_mini, nzn_wu_jian_contemplation,
          mainiacjoe_overflow_cross_hatched, hellmonk_lair_entry_icy,
          serial_shops, nicolae_square_shop, minmay_shop_chei
D:9:      layout_rooms, amcnicky_altar_gilded, enter_bailey_3,
          chequers_serial_rivers_micro_c, item_on_display_a, uniq_harold
D:10:     layout_grid_maze, david_orc_4, st_stairs_7
D:11:     layout_cave_pools, serial_shops, kennysheep_mini_moat,
          nicolae_yredelemnul_ghost_church, uniq_grum
D:12:     layout_roguey, serial_shops, nicolae_shop_statue_plus
D:13:     layout_roguey, uniq_josephine, uniq_urug, uniq_lodul
D:14:     layout_cave_pods, grunt_vaults_entry_fortified, minmay_misc_feat_five,
          portal_ice_cave_entry_pillars_1
D:15:     grunt_enter_depths_snipers, layout_cave_pools, serial_shops,
          nicolae_shop_overgrown_old_shop
Lair:1:   layout_gridlike, gammafunk_ghost_abyssal_escape, lemuel_fruit_tree
Lair:2:   layout_chaotic_city, hellmonk_spider_entry_not_the_bees
Lair:3:   beast_lair_carwin_large_1, layout_regular_city,
          nicolae_swamp_entry_spooky, chequers_serial_rivers_room_a,
          grunt_megastairs_2, uniq_gastronok
Lair:4:   layout_big_grid, gauntlet_entry_generic, grunt_megastairs_5
Lair:5:   evil_forest, layout_regular_city, slime_entry_1,
          infiniplex_staircase_pool_2, lemuel_fruit_fields
Swamp:1:  layout_falls_marsh, nicolae_swamp_ascending_descending_big,
          swamp_pool3, uniq_jorgrun
Swamp:2:  layout_falls_marsh, infiniplex_staircase_pool, swamp_pool5
Swamp:3:  layout_basic_swamp, evilmike_swamp_ruin_house_3, beargit_kiku_chapel
Swamp:4:  byrel_swamp_growth_death_and_undeath, layout_basic_swamp,
          lightli_tree_ring
Spider:1: layout_spider_delve
Spider:2: layout_cave_pods
Spider:3: layout_cave_pods, gammafunk_ghost_tricky_traps, uniq_agnes,
          uniq_aizul, uniq_asterion
Spider:4: floodkiller_spider_rune_tomb, spiders_nest_the_unseen
Slime:1:  layout_caves
Slime:2:  layout_caves
Slime:3:  layout_caves
Orc:1:    layout_caves, basic_altar, serial_shops, nicolae_shop_waterfront,
          gammafunk_ghost_arena
Orc:2:    kennysheep_orc_mage_school, layout_caves, nicolae_shop_vocational

Skill      XL: |  1  2  3  4  5  6  7  8  9 10 11 12 13 14 15 16 17 18 19 |
---------------+----------------------------------------------------------+-----
Armour         | 4 5 6 7 8 9 10 12 13 14 15 16 17 18 | 18.5
Shields        | 4 5 6 7 8 10 12 14 16 19 20 21 | 21.1
Fighting       | 4 5 6 7 8 9 11 12 13 14 16 18 19 20 | 20.5
Polearms       | 3 4 |  4.0
Long Blades    | 1 2 5 7 9 11 14 16 17 18 20 21 22 23 24 | 24.2
Dodging        | 1 2 3 5 6 |  6.6
Stealth        | 1 2 3 4 |  4.0
Evocations     | 1 2 3 |  3.9

Action                     |  1- 3 |  4- 6 |  7- 9 | 10-12 | 13-15 | 16-18 | 19-21 || total
---------------------------+-------+-------+-------+-------+-------+-------+-------++-------
  Melee: Trident           |    82 |    17 |       |       |    38 |   125 |       ||   262
         Headbutt          |    11 |     9 |    12 |    99 |   344 |   556 |    96 ||  1127
         Long sword        |       |    56 |   135 |   533 |  1326 |  1726 |   249 ||  4025
 Invoke: Call Merchant     |       |       |       |     1 |     1 |     2 |       ||     4
         Potion Petition   |       |       |       |       |     2 |     8 |     1 ||    11
  Evoke: Wand              |       |       |     8 |     8 |    17 |    67 |       ||   100
    Use: Scroll            |     1 |     7 |     8 |     7 |    19 |    16 |     1 ||    59
         Potion            |       |     1 |     2 |     6 |    10 |    24 |       ||    43
   Stab: Distracted        |       |       |     1 |     1 |     7 |    14 |       ||    23
         Paralysed         |       |       |       |       |     2 |     7 |       ||     9
         Confused          |       |       |       |       |       |     1 |       ||     1
         Invisible         |       |       |       |       |       |     1 |       ||     1
 Armour: Scale mail        |    25 |    15 |    51 |    57 |       |       |       ||   148
         Chain mail        |       |       |       |   117 |       |       |       ||   117
         Crystal plate arm |       |       |       |    22 |   821 |  1722 |   118 ||  2683
  Dodge: Dodged            |    29 |    37 |   105 |   337 |   661 |  1382 |   118 ||  2669
  Block: Buckler           |    12 |    13 |    29 |   139 |   657 |    33 |       ||   883
         Kite shield       |       |       |       |       |       |  2343 |   241 ||  2584
